Map: Blackburn LE

Players

soul - Winner!

  • Race: Terran Terran
  • League: Grandmaster

LiquidMaNa (MaNa)

  • Race: Protoss Protoss
  • League: Grandmaster

Event: DreamHack SC2 Masters 2021 Summer

VOD

Have the link to the VOD?

Description

Time

  • Played on: May 26, 2021, 1:33 p.m.
  • Length: 34:06

All games in this series

Show
View Real Time Build Order
Export as new Build Order

soul Terran - Winner!

Build Orders:  

Get SALT Encoding   

  12  0:02  SCV  
  13  0:14  SCV  
  13  0:18  Supply Depot  
  14  0:26  SCV  
  15  0:40  SCV  
  15  0:41  Barracks  
  16  0:45  Refinery  
  16  0:52  SCV  
  17  1:04  SCV  
  18  1:16  SCV  
  19  1:28  Marine  
  19  1:29  Orbital Command  
  20  1:48  Barracks Reactor  
  20  1:50  Command Center  
  20  1:54  SCV  
  20  2:00  Supply Depot  
  21  2:06  SCV  
  22  2:12  Factory  
  22  2:18  SCV  
  22  2:21  Refinery  
  23  2:24  Marine, Reaper  
  25  2:34  Bunker  
  25  2:38  SCV  
  25  2:42  Marine  
  27  2:50  SCV  
  29  3:00  Widow Mine, Starport  
  30  3:07  Orbital Command  
  30  3:09  SCV  
  31  3:14  Marine x2  
  32  3:21  Widow Mine, SCV  
  37  3:35  Marine  
  37  3:36  Marine  
  37  3:38  Medivac  
  37  3:41  Supply Depot  
  39  3:42  SCV  
  39  3:43  Widow Mine, SCV  
  42  3:53  Marine x2  
  42  3:54  SCV  
  42  3:55  SCV  
  44  4:00  Supply Depot  
  44  4:04  Factory Tech Lab  
  44  4:06  SCV  
  44  4:07  SCV  
  46  4:10  Starport Tech Lab  
  46  4:11  Marine  
  46  4:16  Marine  
  46  4:18  SCV  
  46  4:23  Siege Tank  
  46  4:24  SCV  
  50  4:30  SCV  
  51  4:34  Raven  
  51  4:36  SCV  
  51  4:38  Marine  
  50  4:47  SCV  
  50  4:48  SCV  
  50  4:51  Marine  
  53  4:59  SCV  
  54  5:00  SCV  
  54  5:02  Siege Tank  
  54  5:06  Supply Depot  
  58  5:10  Marine  
  58  5:11  Marine  
  58  5:12  SCV x2  
  62  5:25  Command Center  
  62  5:28  SCV x2  
  64  5:29  Supply Depot  
  64  5:33  Marine, Supply Depot  
  65  5:39  Siege Tank  
  65  5:40  SCV x2  
  67  5:43  Marine  
  67  5:51  Marine  
  67  5:52  SCV x2  
  70  6:01  Marine  
  71  6:04  SCV x2  
  71  6:08  Refinery  
  71  6:09  Marine, Refinery  
  70  6:12  Siege Tank, Barracks  
  70  6:13  Barracks  
  70  6:16  SCV  
  74  6:19  SCV, Engineering Bay x2  
  74  6:24  Starport Reactor  
  75  6:29  SCV  
  75  6:31  SCV  
  77  6:35  Barracks  
  77  6:37  Barracks  
  77  6:38  Orbital Command  
  77  6:40  Marine  
  77  6:41  SCV  
  77  6:43  SCV  
  77  6:45  Missile Turret  
  77  6:46  Terran Infantry Weapons Level 1  
  80  6:49  Terran Infantry Armor Level 1  
  80  6:54  Siege Tank  
  83  6:55  SCV  
  83  6:58  SCV  
  83  6:59  Supply Depot  
  85  7:02  Stimpack  
  85  7:03  Barracks Tech Lab  
  85  7:05  Marauder  
  85  7:06  Marine  
  88  7:14  SCV x2  
  89  7:15  Missile Turret  
  89  7:16  Missile Turret  
  87  7:25  Barracks Reactor, Barracks Tech Lab  
  87  7:26  SCV  
  87  7:28  Marine, Marauder  
  87  7:29  Medivac  
  91  7:30  Medivac  
  91  7:31  Orbital Command  
  91  7:34  SCV, Marine  
  91  7:35  Marauder  
  97  7:41  SCV  
  97  7:46  Marine, Marauder  
  97  7:47  SCV  
  97  7:49  Marauder  
  103  7:52  Bunker  
  103  7:53  Bunker, SCV  
  103  7:54  Supply Depot x2  
  103  7:57  Bunker  
  104  7:59  Medivac  
  104  8:00  SCV x2, Supply Depot  
  104  8:02  Supply Depot  
  108  8:05  SCV  
  108  8:07  Concussive Shells  
  108  8:08  Missile Turret  
  108  8:10  Combat Shield  
  109  8:15  SCV, Marine  
  109  8:16  Marauder  
  109  8:17  SCV  
  109  8:18  SCV  
  115  8:22  Medivac  
  115  8:24  Supply Depot  
  115  8:25  Supply Depot  
  117  8:27  SCV, Refinery  
  117  8:29  SCV, Refinery  
  117  8:30  SCV, Supply Depot  
  117  8:32  Siege Tank  
  123  8:38  Ghost Academy  
  123  8:39  Armory  
  124  8:43  SCV  
  124  8:46  Marine  
  124  8:47  Command Center  
  125  8:50  Supply Depot  
  125  8:58  Sensor Tower, Supply Depot  
  125  8:59  Marine, Medivac x2  
  125  9:00  Marauder  
  125  9:02  Marauder  
  134  9:04  Marauder  
  136  9:11  Siege Tank  
  136  9:13  SCV x3  
  136  9:14  Marine  
  143  9:19  Marine  
  143  9:20  Marine x2  
  143  9:21  Marauder  
  143  9:23  Marauder  
  150  9:24  Marine  
  150  9:27  Supply Depot x2  
  150  9:28  SCV  
  150  9:29  SCV  
  150  9:30  SCV  
  142  9:32  Marine  
  142  9:35  Viking  
  142  9:37  Marine  
  142  9:38  Viking  
  148  9:41  SCV  
  148  9:43  Terran Infantry Armor Level 2  
  149  9:46  SCV x2  
  149  9:51  Terran Infantry Weapons Level 2  
  151  9:53  SCV  
  151  9:58  SCV, Enhanced Shockwaves  
  153  10:01  Marine, Marauder  
  153  10:02  SCV  
  157  10:14  Ghost  
  157  10:15  SCV  
  157  10:17  SCV x2  
  162  10:23  Marine, Refinery  
  162  10:24  Marauder  
  162  10:25  Refinery  
  162  10:27  Siege Tank  
  168  10:28  SCV  
  168  10:30  Sensor Tower, Missile Turret  
  168  10:31  SCV  
  168  10:34  Terran Vehicle Weapons Level 1  
  170  10:40  Planetary Fortress  
  170  10:41  SCV  
  171  10:44  Marauder  
  171  10:47  SCV  
  171  10:48  Marine, Ghost  
  177  10:52  Viking  
  178  11:00  Marine, Ghost  
  180  11:05  Ghost  
  181  11:16  Ghost  
  181  11:21  Marine x3  
  183  11:28  Ghost, Personal Cloaking  
  183  11:29  Command Center  
  183  11:32  Marine  
  179  11:34  Ghost  
  179  11:39  Medivac  
  181  11:42  Barracks  
  181  11:44  Barracks x2  
  181  11:45  Siege Tank  
  183  11:55  Command Center  
  183  11:56  Medivac  
  185  12:08  Marauder x3  
  191  12:09  Medivac  
  193  12:16  Command Center  
  193  12:20  Barracks  
  193  12:21  Supply Depot  
  193  12:25  Armory  
  193  12:26  Medivac  
  193  12:29  Marauder, Terran Ship Weapons Level 1  
  197  12:39  Fusion Core  
  197  12:51  Terran Infantry Armor Level 3  
  196  13:07  Barracks Tech Lab x3  
  196  13:10  Nuke  
  196  13:11  Missile Turret  
  196  13:14  Planetary Fortress, Starport x2  
  196  13:15  Starport  
  196  13:19  Sensor Tower  
  196  13:21  Refinery, Missile Turret  
  196  13:23  Refinery  
  196  13:30  Starport  
  196  13:40  Orbital Command  
  196  13:42  Orbital Command  
  196  13:44  Barracks Tech Lab  
  196  13:46  Command Center  
  196  13:50  Command Center x2  
  196  13:52  Terran Vehicle And Ship Armor Level 1  
  196  13:53  Weapon Refit  
  196  13:54  Command Center  
  196  13:55  Starport Tech Lab x2  
  195  14:20  Ghost  
  195  14:22  Marauder  
  196  14:25  Marine  
  196  14:26  Marauder  
  196  14:29  Siege Tank  
  196  14:30  Marine  
  185  14:32  Marine  
  185  14:35  Marauder  
  185  14:38  Marine, Marauder  
  186  14:40  Marine  
  173  14:46  Marauder  
  161  14:53  Marine  
  161  14:57  Marine x3, Marauder x4  
  161  14:58  Marine  
  161  14:59  Marine  
  147  15:07  Marine  
  141  15:10  Marine  
  133  15:15  SCV, Marine x3  
  133  15:17  Marauder  
  133  15:18  Marauder x2  
  133  15:19  Marauder x3  
  139  15:22  Orbital Command  
  139  15:25  Marauder  
  138  15:28  Marine  
  138  15:32  Marine  
  133  15:36  Siege Tank  
  133  15:38  Marauder, Orbital Command  
  133  15:40  Marauder x4  
  144  15:43  Orbital Command x2  
  144  15:46  Marauder  
  145  15:58  Marine  
  145  15:59  Missile Turret, Ghost  
  145  16:01  Marauder x3  
  153  16:05  SCV x3  
  153  16:06  SCV  
  156  16:12  Marine, Ghost x2  
  152  16:27  Ghost x4  
  152  16:32  Siege Tank  
  163  16:35  Viking, Starport Reactor  
  163  16:38  Viking  
  165  16:40  Ghost  
  167  16:52  Marine, Marauder  
  167  16:54  Marine  
  171  16:56  Marauder x4  
  171  16:58  Marine  
  171  17:00  Planetary Fortress  
  167  17:09  Marauder  
  167  17:13  Missile Turret  
  167  17:14  Marauder  
  167  17:15  Viking x4  
  173  17:17  SCV x3  
  173  17:18  Marauder  
  173  17:19  SCV  
  173  17:20  SCV  
  173  17:22  SCV x2  
  188  17:27  Siege Tank  
  187  17:42  Marine  
  162  17:45  Marine  
  162  17:46  Marauder x6  
  162  17:47  Marine x2  
  162  17:48  Viking  
  162  17:50  Viking x3  
  173  17:54  SCV  
  173  17:55  SCV x3  
  173  17:57  Missile Turret  
  178  17:58  SCV  
  178  17:59  Marine  
  178  18:03  Marine  
  180  18:12  Sensor Tower  
  183  18:18  Viking  
  182  18:26  Siege Tank  
  185  18:28  Advanced Ballistics  
  185  18:30  Liberator x3  
  175  18:56  SCV x6  
  175  18:59  SCV  
  175  19:02  Siege Tank, Refinery  
  185  19:03  Refinery  
  185  19:05  Command Center  
  185  19:07  Liberator  
  185  19:08  SCV  
  189  19:13  Liberator  
  192  19:20  Refinery  
  154  19:28  Marine  
  154  19:29  Marauder, Liberator, Marine  
  151  19:31  Marine  
  151  19:32  Marauder x3  
  151  19:36  Marine, Marauder  
  151  19:37  Marauder  
  142  19:46  Marine  
  142  19:47  Marine  
  142  19:49  Marine  
  142  19:50  Marauder  
  147  19:53  Marine x2, Marauder  
  147  19:54  Marine  
  147  19:57  Marine  
  147  19:58  Marauder  
  155  20:04  Marine  
  155  20:05  Marine  
  157  20:07  Marine  
  157  20:11  Marauder x2  
  157  20:12  Marauder, Marine  
  165  20:14  Marauder  
  165  20:16  Marauder, Missile Turret  
  165  20:17  Medivac x4, Missile Turret  
  165  20:19  Marine  
  173  20:22  Marine  
  173  20:23  Marine  
  173  20:25  Marine  
  153  20:30  Marine  
  153  20:32  Marauder x2  
  153  20:33  Marauder  
  157  20:36  Marauder  
  157  20:37  Marauder x2  
  163  20:47  Medivac x3  
  169  20:53  Siege Tank  
  169  20:55  SCV, Medivac  
  169  20:56  SCV x6  
  177  21:07  Ghost  
  177  21:09  Ghost  
  181  21:11  SCV, Refinery  
  181  21:13  Refinery  
  184  21:19  Planetary Fortress  
  182  21:25  Ghost  
  182  21:26  Ghost x2  
  182  21:31  SCV  
  189  21:33  SCV  
  190  21:41  Viking x4  
  190  21:43  Refinery  
  190  21:46  Refinery  
  197  21:47  Ghost  
  197  21:53  Ghost  
  200  21:59  Marine  
  200  22:00  Marauder  
  200  22:04  Siege Tank, Marine  
  194  22:11  Viking x2  
  194  22:12  Marauder  
  200  22:28  Marine x3  
  200  22:29  Marine  
  199  22:31  Marine  
  197  22:37  Ghost  
  197  22:41  Marine  
  197  22:44  Marine, Marauder  
  178  22:55  Marine, Liberator  
  178  22:56  Ghost  
  178  22:57  Marine, Ghost  
  177  23:02  Marine  
  163  23:07  Medivac, Ghost  
  163  23:08  Marine, Marauder  
  163  23:09  Marauder x2  
  152  23:13  Marine  
  152  23:15  Marine  
  152  23:18  Missile Turret  
  150  23:20  Marine  
  150  23:25  Siege Tank  
  150  23:26  Marauder x2, Marine  
  159  23:30  Marauder x3  
  159  23:31  Marine  
  159  23:32  Starport  
  159  23:33  Marine  
  169  23:36  Marauder  
  169  23:38  Marine  
  172  23:41  Medivac  
  172  23:42  Medivac x3  
  172  23:44  Marine  
  172  23:47  Marauder x2  
  181  23:48  Marine  
  181  23:51  Marine, Marauder x3  
  189  23:56  Marine  
  189  23:58  Marauder  
  189  24:02  Marine  
  193  24:06  Marine  
  193  24:08  Marine  
  193  24:09  Marauder x2  
  199  24:12  Marine  
  200  24:27  Starport Reactor  
  200  24:32  Orbital Command  
  196  24:42  Viking x2  
  200  24:49  Refinery  
  200  25:06  Viking  
  190  25:15  Viking x5  
  191  25:36  Viking  
  189  25:45  Viking x5  
  196  26:03  Ghost x2  
  200  26:14  Marine  
  199  26:19  Marine  
  199  26:24  Command Center  
  200  26:31  Liberator  
  198  26:34  Marauder  
  200  26:46  Ghost  
  195  27:02  Orbital Command  
  195  27:07  Viking x3  
  193  27:11  Marine, Marauder  
  193  27:14  Ghost  
  193  27:15  Marine  
  195  27:24  Refinery, Viking  
  195  27:26  Viking x2  
  195  27:27  Refinery  
  195  27:35  Starport  
  195  27:37  Viking  
  195  27:38  Viking  
  193  27:56  Viking  
  193  27:57  Missile Turret  
  180  27:58  Marine  
  180  28:00  Marine  
  180  28:01  Marauder  
  180  28:04  Marauder  
  180  28:05  Ghost x3  
  163  28:06  Marine, Marauder  
  163  28:08  Marine  
  181  28:16  Marine  
  181  28:18  Marine  
  182  28:22  Marauder  
  182  28:24  Marine  
  182  28:26  Marine, Marauder  
  184  28:28  Marauder  
  182  28:34  Marine x2, Liberator x6  
  182  28:35  Marauder x2  
  182  28:37  Marine  
  197  28:42  Marine  
  197  28:44  Marauder  
  197  28:47  Marauder  
  199  29:18  Refinery  
  199  29:23  Orbital Command  
  199  29:37  Refinery  
  160  29:46  Marine  
  160  29:47  Marine x4, Liberator x5, Marauder  
  160  29:48  Marine x3  
  160  29:49  Marauder  
  173  30:04  Marine x5  
  173  30:06  Marine, Marauder  
  173  30:07  Marauder, Medivac  
  183  30:08  Marine  
  183  30:13  Siege Tank  
  189  30:19  Supply Depot  
  189  30:20  Supply Depot  
  179  30:30  Medivac  
  177  30:49  Marine  
  161  30:53  Command Center  
  160  30:59  Refinery  
  160  31:00  Refinery  
  154  31:43  Orbital Command  
  140  32:16  Orbital Command  
  140  32:21  Medivac x3  
  146  32:40  Orbital Command  
  142  32:50  Ghost  
  133  33:10  Liberator x2  
  139  33:19  Liberator  
  142  33:24  Marine  
Show
View Real Time Build Order
Export as new Build Order

LiquidMaNa Protoss 

Build Orders: 1 Gate Expand, Blink Stalkers 

Get SALT Encoding   

  12  0:00  Probe  
  13  0:12  Probe  
  14  0:17  Pylon  
  14  0:24  Probe (Chrono Boost)  
  15  0:36  Probe (Chrono Boost)  
  15  0:37  Gateway  
  16  0:45  Probe (Chrono Boost)  
  16  0:46  Assimilator  
  17  0:51  Probe  
  18  1:03  Probe  
  19  1:15  Probe  
  20  1:25  Cybernetics Core  
  20  1:36  Nexus  
  20  1:39  Probe  
  21  1:47  Pylon  
  21  1:51  Probe  
  22  1:56  Assimilator  
  22  2:03  Adept (Chrono Boost)  
  22  2:04  Probe  
  25  2:11  Warp Gate  
  25  2:16  Probe  
  26  2:23  Stalker (Chrono Boost)  
  26  2:28  Probe  
  29  2:35  Twilight Council  
  29  2:40  Probe  
  30  2:47  Stalker (Chrono Boost)  
  30  2:48  Probe  
  33  2:53  Probe  
  34  3:00  Probe  
  34  3:05  Probe  
  36  3:12  Probe  
  37  3:18  Probe (Chrono Boost)  
  38  3:20  Blink  
  38  3:23  Robotics Facility  
  38  3:24  Probe (Chrono Boost)  
  39  3:32  Gateway  
  41  3:35  Probe x2 (Chrono Boost)  
  41  3:39  Probe (Chrono Boost)  
  41  3:41  Probe  
  43  3:51  Probe  
  43  3:53  Probe  
  45  3:57  Pylon  
  45  4:03  Probe  
  45  4:08  Pylon  
  46  4:11  Nexus  
  46  4:15  Probe x2, Observer  
  49  4:17  Stalker  
  51  4:27  Stalker, Pylon, Probe  
  43  4:39  Probe x2 (Chrono Boost)  
  43  4:51  Probe (Chrono Boost)  
  43  4:54  Stalker x2  
  43  4:56  Probe (Chrono Boost)  
  48  5:01  Probe (Chrono Boost)  
  48  5:04  Probe (Chrono Boost), Observer  
  50  5:10  Probe x2 (Chrono Boost)  
  52  5:17  Stalker x2, Probe  
  52  5:18  Probe  
  58  5:24  Gateway x2, Probe  
  58  5:27  Charge  
  55  5:43  Stalker x2  
  55  5:47  Probe x2  
  55  5:49  Probe  
  59  5:59  Probe x2  
  59  6:01  Probe  
  61  6:06  Stalker x2  
  65  6:11  Probe  
  65  6:12  Probe  
  65  6:13  Probe, Warp Prism  
  70  6:21  Gateway  
  70  6:23  Gateway, Probe  
  70  6:24  Probe  
  72  6:25  Probe (Chrono Boost)  
  73  6:36  Probe x2 (Chrono Boost)  
  73  6:37  Assimilator x2  
  73  6:38  Forge, Probe (Chrono Boost)  
  76  6:40  Templar Archives  
  76  6:45  Probe x2 (Chrono Boost)  
  78  6:49  Pylon, Sentry  
  78  6:50  Probe x2 (Chrono Boost)  
  78  6:52  Probe  
  83  6:56  Assimilator x2  
  83  6:59  Pylon, Protoss Ground Weapons Level 1 (Chrono Boost)  
  84  7:01  Probe  
  84  7:09  Psionic Storm  
  84  7:12  Gateway  
  84  7:13  Gateway, Probe x2  
  86  7:22  Probe  
  87  7:25  Probe x2  
  84  7:34  Immortal (Chrono Boost), Probe  
  90  7:37  Probe x2  
  90  7:41  Pylon  
  90  7:42  Pylon  
  89  7:46  Probe  
  89  7:49  Probe  
  91  7:51  High Templar x2  
  91  7:52  Observer  
  91  7:56  Shield Battery  
  91  7:57  Zealot x2  
  91  7:58  Pylon  
  99  8:01  Probe x2  
  101  8:06  Gateway  
  101  8:07  Gateway  
  101  8:09  High Templar x2  
  101  8:12  Photon Cannon  
  105  8:14  Photon Cannon  
  105  8:19  Immortal  
  109  8:22  Probe x2  
  109  8:23  Probe  
  112  8:31  Zealot  
  114  8:34  Probe  
  114  8:36  Pylon  
  114  8:37  High Templar x2  
  119  8:45  Forge  
  119  8:47  Nexus  
  119  8:49  Zealot  
  119  8:54  Stalker  
  123  8:56  Zealot, Protoss Ground Armor Level 1 (Chrono Boost)  
  125  9:05  Pylon, High Templar x2  
  125  9:07  Pylon  
  125  9:09  Shield Battery  
  129  9:12  Zealot x2, Shield Battery  
  129  9:15  Protoss Ground Weapons Level 2 (Chrono Boost)  
  129  9:16  Pylon  
  133  9:18  Archon  
  129  9:32  Zealot x3, High Templar  
  137  9:39  Probe x3  
  137  9:42  Photon Cannon  
  137  9:44  Shield Battery  
  140  9:48  Pylon, Photon Cannon  
  140  9:53  Immortal  
  144  10:06  Zealot  
  145  10:07  Zealot  
  145  10:08  Stalker x5  
  145  10:10  Probe x3  
  154  10:19  Zealot x3  
  160  10:22  Probe x4  
  164  10:33  Zealot x5  
  174  10:37  Stalker  
  176  10:43  Zealot x2  
  176  10:47  Dark Shrine  
  180  10:50  Pylon  
  180  11:00  Protoss Ground Armor Level 2 (Chrono Boost)  
  180  11:08  Assimilator  
  162  11:19  Stalker x4  
  162  11:20  Zealot x4  
  162  11:21  Probe x2  
  177  11:27  Probe  
  177  11:31  Immortal  
  176  11:36  Robotics Bay  
  176  11:37  Robotics Facility, Probe x2  
  176  11:38  Observer  
  176  11:39  Assimilator  
  177  11:40  Robotics Facility  
  177  11:53  High Templar  
  179  11:58  Nexus, Observer  
  179  12:00  Shadow Stride, Protoss Ground Weapons Level 3  
  179  12:14  Extended Thermal Lance  
  179  12:17  Pylon  
  179  12:23  Colossus (Chrono Boost)  
  179  12:25  Pylon  
  179  12:27  Pylon  
  185  12:31  Photon Cannon  
  185  12:33  Stargate  
  191  12:39  Colossus (Chrono Boost)  
  197  12:46  Pylon  
  197  12:49  Colossus (Chrono Boost)  
  197  12:51  Stalker x2  
  200  12:59  Photon Cannon  
  200  13:00  Photon Cannon  
  200  13:02  Shield Battery  
  198  13:17  Warp Prism (Chrono Boost)  
  198  13:19  Colossus (Chrono Boost)  
  192  13:25  Protoss Ground Armor Level 3  
  198  13:28  Fleet Beacon, Stargate  
  198  13:32  Stargate  
  198  13:38  Observer  
  198  13:43  Protoss Air Weapons Level 1  
  196  14:10  Zealot x4  
  196  14:15  Dark Templar x6  
  180  14:38  Stalker x4  
  150  14:48  Stalker x6  
  156  14:57  Colossus x2 (Chrono Boost)  
  138  15:00  Colossus (Chrono Boost)  
  138  15:02  Stalker x4  
  142  15:12  Zealot x6  
  131  15:14  Probe x3  
  124  15:27  Dark Templar x2  
  124  15:28  Dark Templar x2  
  122  15:31  Probe  
  122  15:32  Probe  
  104  15:36  Probe x2  
  104  15:40  Nexus  
  106  15:44  Probe  
  106  15:48  Colossus x2 (Chrono Boost)  
  113  15:53  Probe x3  
  113  15:56  Probe  
  126  15:58  Disruptor (Chrono Boost)  
  126  16:00  High Templar x2  
  126  16:01  High Templar x2  
  134  16:14  Zealot x6  
  145  16:29  Nexus  
  145  16:30  Immortal (Chrono Boost)  
  149  16:37  Probe x3  
  152  16:46  Dark Templar  
  152  16:47  Dark Templar x2  
  154  17:07  Disruptor x2  
  148  17:20  Nexus  
  148  17:22  Disruptor  
  151  17:35  Zealot x5  
  153  17:39  Observer  
  153  17:43  Disruptor (Chrono Boost)  
  127  17:50  Stalker x2, Observer  
  127  17:51  Stalker x3  
  119  17:55  Stalker x4  
  127  18:02  Observer x2 (Chrono Boost)  
  129  18:07  Sentry  
  131  18:13  Observer (Chrono Boost)  
  131  18:15  Stalker x4  
  131  18:16  Stalker  
  131  18:18  Stalker x3  
  148  18:34  Disruptor x2  
  148  18:40  Zealot x3  
  148  18:41  Zealot x4  
  155  19:01  Zealot x8  
  171  19:06  Dark Templar x2  
  143  19:26  Dark Templar x5  
  150  19:32  Stalker x2  
  149  19:45  Phoenix (Chrono Boost)  
  151  19:53  Stalker x3  
  157  20:02  Tempest (Chrono Boost)  
  162  20:08  Nexus  
  162  20:13  Pylon  
  156  20:29  Probe x4  
  156  20:31  Tempest x2 (Chrono Boost)  
  156  20:35  Archon x2  
  166  20:44  Observer  
  157  20:52  Tempest (Chrono Boost)  
  152  21:09  Tempest x2 (Chrono Boost)  
  152  21:10  Assimilator  
  162  21:14  Assimilator  
  162  21:15  Photon Cannon  
  162  21:31  Nexus  
  161  21:43  Tempest  
  161  21:46  Tempest  
  169  21:48  Stalker x7  
  179  21:55  Probe x6  
  183  22:05  Disruptor  
  183  22:06  Disruptor  
  174  22:16  Probe x3  
  177  22:28  Observer  
  172  22:42  Observer  
  168  22:51  Immortal  
  165  23:00  Probe x2  
  165  23:02  Assimilator x2  
  150  23:13  Pylon  
  150  23:17  Pylon, Probe x4  
  148  23:29  Gateway  
  148  23:32  Gateway  
  147  23:34  Gateway  
  147  23:35  Gateway  
  147  23:38  Gateway  
  147  23:42  Gateway, Disruptor x2  
  147  23:48  High Templar  
  155  23:52  Pylon  
  155  23:53  Pylon  
  155  24:07  Immortal  
  154  24:10  Zealot  
  154  24:14  Observer  
  156  24:18  Nexus  
  156  24:24  Zealot  
  158  24:31  Shield Battery  
  158  24:36  Disruptor x2  
  161  24:46  Disruptor  
  164  24:52  Zealot  
  164  24:53  Zealot x3  
  167  25:12  Disruptor x2  
  173  25:25  Zealot x2, High Templar  
  173  25:26  Zealot  
  181  25:29  Zealot x4  
  185  25:49  Immortal x3  
  191  25:57  Observer  
  191  25:58  Zealot x4  
  199  26:13  Observer  
  199  26:29  Stalker x4  
  200  26:43  Nexus  
  189  27:13  Observer x2  
  191  27:27  Observer  
  192  27:33  Observer  
  192  27:37  Assimilator, High Templar  
  194  27:54  Pylon  
  173  28:07  Tempest x3 (Chrono Boost)  
  182  28:27  Nexus  
  181  28:36  Observer x3  
  182  28:57  Observer  
  183  29:12  Observer  
  183  29:13  Pylon  
  183  29:15  Probe x4  
  187  29:25  Zealot x2  
  194  29:36  Observer  
  140  29:54  Stalker x4  
  143  30:06  Disruptor  
  142  30:15  Disruptor  
  81  31:12  Stalker  
  81  31:13  Stalker x3  
  81  31:16  Nexus  
  78  32:06  Zealot x8  
  93  32:28  Zealot x4  
  97  32:44  Observer  
  97  32:45  Assimilator  
  93  33:06  Disruptor  
  93  33:09  Observer  
  91  33:54  Zealot x3  
Tags
 
Add a new tag
Caveats
  • Supply blocks, unpowered buildings, or Contaminate may cause inaccurate times.
  • Supply counts are checked every 10 seconds.